 Dungeon Crawl Stone Soup version 0.30-a0-652-gcc886f7154 (webtiles) character file.

Game seed: 18398348275867923803

1681 Newt the Nimble (level 9, 0/48 HPs)
             Began as a Kobold Hunter on Jan 17, 2023.
             Was a Follower of Hepliaklqana.
             Slain by an orc knight
             ... wielding a +0 halberd
              (13 damage)
             ... in a bailey.
             The game lasted 00:06:17 (5343 turns).

Newt the Nimble (Kobold Hunter)                     Turns: 5343, Time: 00:06:18

Health: 0/48       AC:  5    Str:  8    XL:     9   Next: 21%
Magic:  9/9        EV: 27    Int: 10    God:    Hepliaklqana [*.....]
Gold:   126        SH:  0    Dex: 29    Spells: 8/8 levels left

rFire   . . .      SeeInvis .    k - +2 whip (venom)
rCold   . . .      Faith    .    v - orb {light}
rNeg    . . .      Spirit   .    c - +0 leather armour
rPois   .          Reflect  .    C - +2 hat
rElec   .          Harm     .    (no cloak)
rCorr   .          Rampage  .    (no gloves)
Will    +....                    (no boots)
Stlth   ++                       B - amulet of regeneration
HPRegen 1.08/turn                h - +6 ring of dexterity
MPRegen 0.11/turn                A - ring of willpower

@: glowing, studying Dodging
A: reduced essence, small, no large weapons, nightstalker 3
a: Renounce Religion, Recall Ancestor, Ancestor Identity


You were in a bailey.
You worshipped Hepliaklqana.
Hepliaklqana was aware of your devotion.
You visited 2 branches of the dungeon, and saw 7 of its levels.
You also visited: Sewer and Bailey.

You collected 238 gold pieces.
You spent 112 gold pieces at shops.

Inventory:

Hand Weapons
 a - a +0 shortbow
 k - a +2 whip of venom (weapon)
Armour
 c - a +0 leather armour (worn)
 v - an orb of light (worn)
 C - a +2 hat (worn)
Jewellery
 h - a +6 ring of dexterity (left hand)
 r - an amulet of guardian spirit
 w - a ring of fire
 x - a ring of fire
 A - a ring of willpower (right hand)
 B - an amulet of regeneration (around neck)
Wands
 q - a wand of iceblast (14)
Scrolls
 b - 2 scrolls of immolation
 e - 2 scrolls of blinking
 j - 2 scrolls of noise
 n - a scroll of silence
 s - a scroll of vulnerability
 t - 2 scrolls of magic mapping {unknown}
 u - a scroll of fog
 y - a scroll of amnesia {unknown}
 z - a scroll of enchant weapon {unknown}
 E - a scroll of acquirement
Potions
 d - a potion of invisibility
 f - 2 potions of might
 g - a potion of ambrosia
 i - 2 potions of flight
 l - 2 potions of mutation {unknown}
 m - 3 potions of degeneration {unknown}
 o - 5 potions of curing
 p - 2 potions of heal wounds
 D - a potion of attraction {unknown}


   Skills:
 + Level 5.2 Fighting
 - Level 5.0 Maces & Flails
 - Level 8.0 Ranged Weapons
 - Level 12.0 Dodging
 - Level 3.0 Stealth


You had 8 spell levels left.
You didn't know any spells.
Your spell library contained the following spells:

 Spells                   Type           Power      Damage    Failure   Level
 Portal Projectile        Hex/Tloc       0%         N/A       86%         3
 Tukima's Dance           Hex            0%         N/A       86%         3
 Blade Hands              Tmut           0%         N/A       100%        5


Dungeon Overview and Level Annotations

Branches:
Dungeon (7/15)             Temple (1/1) D:4           Sewer (visited)
 Bailey (1/1)

Altars:
Ashenzari
Cheibriados
Dithmenos
Elyvilon
Fedhas
Gozag
Hepliaklqana
Kikubaaqudgha
Makhleb
Nemelex Xobeh
Okawaru
Qazlal
Ru
Trog
Uskayaw
Vehumet
Wu Jian
Xom
Yredelemnul
The Shining One

Shops:
D:4 !


Innate Abilities, Weirdness & Mutations

Your life essence is reduced to manifest your ancestor. (-10% HP)
You are small and have problems with some larger weapons.
You are completely attuned to the shadows.


Message History

The iceblast engulfs the orc knight!
The orc knight is lightly wounded.
The iceblast engulfs the gnoll!
You kill the gnoll!
You feel a bit more experienced. Lwandle avoids your attack.
The iceblast engulfs the gnoll!
The gnoll is severely wounded.
You hear a shout! x2
Lwandle hits the gnoll.
The gnoll dies!
The orc knight hits Lwandle with a +0 halberd.
Aiming: Iceblast
Press: ? - help, Shift-Dir - straight line, f/p - orc knight
Aim: an orc knight, wielding a +0 halberd (lightly wounded, ally target, haloed) Lwandle avoids your attack.
The mass of ice explodes!
The iceblast engulfs the orc knight!
The orc knight is moderately wounded.
Lwandle avoids your attack.
Lwandle barely misses the orc knight.
The orc knight barely misses Lwandle.
Lwandle hits the orc knight.
The orc knight hits you from afar with a +0 halberd!!
There is an open door, spattered with blood here.
You swap places. 2 orcs come into view.
Found 3 cyan potions, a viscous silvery potion and 2 potions of invisibility.
The orc shouts!
The orc knight misses you.
You see here a ruby potion.
You hit the orc knight.
The orc knight is poisoned.
The orc knight is moderately wounded.
The orc knight hits you with a +0 halberd!
You hit the orc knight.
The orc knight looks as sick as possible!
The orc knight is heavily wounded.
The gnoll misses you.
The orc hits you from afar with a +0 trident!
* * * LOW HITPOINT WARNING * * *
The orc hits you but does no damage.
The orc knight hits you with a +0 halberd!
You die...

#)###.###)#)###.###.#
#'# ### ##### ### ###
#)###)###.#g#
##'##'##'###+
##.)...## #!.!.!
#.....### #.!.!.
+..⌠..')# +g.o.!
#.....### #o)o!.
#.....## ##@)!.!
##+##'###R##+##
##)).## #####


You could see the friendly Lwandle the ancestor, an orc knight (extremely
poisoned, ally target), a gnoll and 2 orcs.

Vanquished Creatures
  An orc warrior (D:7)
  A black bear (D:5)
  An ogre (D:5)
  A centaur (D:5)
  A phantom (D:4)
  A necrophage (D:5)
  2 bullfrogs
  6 scorpions
  3 hounds
  An orc priest (D:7)
  Ijyb (D:4)
  Natasha (thrice) (D:3)
  3 orc wizards
  11 gnolls (Bailey)
  14 adders
  An ufetubus (D:4)
  3 worms (D:3)
  4 dart slugs
  31 orcs
  6 endoplasms
  7 giant cockroaches
  6 goblins
  8 hobgoblins
  3 jackals (D:3)
  7 quokkas
  7 ball pythons
  11 bats
  13 frilled lizards
  3 kobolds
  8 rats
168 creatures vanquished.

Vanquished Creatures (collateral kills)
  A gnoll (Bailey)
1 creature vanquished.

Vanquished Creatures (others)
  A plant (D:4)
1 creature vanquished.

Grand Total: 170 creatures vanquished

Notes
Turn   | Place    | Note
-------+----------+-------------------------------------------
     0 | D:1      | Newt the Kobold Hunter began the quest for the Orb.
     0 | D:1      | Reached XP level 1. HP: 12/12 MP: 1/1
   127 | D:1      | Reached XP level 2. HP: 17/17 MP: 2/2
   451 | D:1      | Reached XP level 3. HP: 22/22 MP: 3/3
  1111 | D:2      | Reached XP level 4. HP: 14/29 MP: 4/4
  1647 | D:3      | Identified a scroll of acquirement
  1647 | D:3      | Acquired a manual of Dodging
  1700 | D:3      | Noticed Natasha
  1704 | D:3      | Killed Natasha
  1705 | D:3      | Reached skill level 5 in Fighting
  1705 | D:3      | Reached XP level 5. HP: 35/35 MP: 5/5
  1752 | D:3      | Reached skill level 3 in Dodging
  1796 | D:3      | Noticed Natasha
  1911 | D:3      | Found a glowing drain.
  1915 | Sewer    | Entered a sewer
  2088 | Sewer    | Noticed a bullfrog
  2094 | Sewer    | Killed a bullfrog
  2095 | Sewer    | Reached skill level 5 in Dodging
  2095 | Sewer    | Reached XP level 6. HP: 35/40 MP: 6/6
  2150 | Sewer    | Reached skill level 6 in Dodging
  2863 | D:3      | Killed Natasha
  2864 | D:3      | Reached skill level 7 in Dodging
  2885 | D:3      | Found a shadowy altar of Dithmenos.
  3299 | D:3      | Noticed Natasha
  3317 | D:3      | Killed Natasha
  3381 | D:4      | Reached skill level 8 in Dodging
  3402 | D:4      | Noticed Ijyb
  3413 | D:4      | Killed Ijyb
  3449 | D:4      | Reached XP level 7. HP: 44/44 MP: 7/7
  3531 | D:4      | Found a staircase to the Ecumenical Temple.
  3614 | Temple   | Entered the Ecumenical Temple
  3839 | Temple   | Became a worshipper of Hepliaklqana the Forgotten
  4035 | D:4      | Found the +11 Singing Sword {sonic wave}
  4111 | D:4      | Reached XP level 8. HP: 38/49 MP: 6/8
  4114 | D:4      | Reached skill level 5 in Maces & Flails
  4305 | D:4      | Found Tupenah's Distillery.
  4317 | D:4      | Bought a potion of curing for 42 gold pieces
  4317 | D:4      | Bought a potion of heal wounds for 70 gold pieces
  4421 | D:5      | Entered Level 5 of the Dungeon
  4812 | D:5      | Reached skill level 9 in Dodging
  5007 | D:5      | You fall into a shaft and drop 2 floors!
  5045 | D:7      | Reached skill level 10 in Dodging
  5045 | D:7      | Reached XP level 9. HP: 35/54 MP: 3/9
  5056 | D:7      | Reached skill level 11 in Dodging
  5118 | D:7      | Found a flagged portal.
  5149 | Bailey   | Entered a bailey
  5158 | Bailey   | Reached * piety under Hepliaklqana
  5333 | Bailey   | Reached skill level 12 in Dodging
  5335 | Bailey   | Noticed an orc knight
  5343 | Bailey   | Slain by an orc knight

Illustrated notes

Levels and vault maps discovered:
D:1:      mainiacjoe_arrival_reflecting_pool, layout_loops_ring
D:2:      layout_loops_ring
D:3:      layout_loops_ring, mainiacjoe_overflow_six_doors_small,
          gup_sewer_entry_bowl, uniq_natasha
D:4:      old_forge, layout_rooms, minmay_temple_entry_statues_fountains,
          serial_shops, shop_coins, kennysheep_decorative_pillar,
          minmay_misc_feat_diagonals, uniq_ijyb
D:5:      layout_loops_ring, minmay_mini_ossuary
D:7:      layout_loops_corners, enter_bailey_4
Temple:   compressed_dpeg_triangle_lava_temple
Bailey:   bailey_polearm_nasty_gnolls, bailey

Skill      XL: |  1  2  3  4  5  6  7  8  9 |
---------------+----------------------------+-----
Stealth        | 2 3 |  3.0
Fighting       | 3 5 |  5.2
Dodging        | 5 8 10 12 | 12.0
Maces & Flails | 2 4 5 |  5.0
Ranged Weapons | 8 |  8.0

Action                   |  1- 3 |  4- 6 |  7- 9 || total
-------------------------+-------+-------+-------++-------
Melee: Whip              |       |   163 |   264 ||   427
       Punch             |       |     3 |       ||     3
 Fire: Shortbow          |    69 |    49 |       ||   118
Evoke: Wand              |       |       |     2 ||     2
  Use: Scroll            |       |     9 |     2 ||    11
       Potion            |       |       |     1 ||     1
 Stab: Sleeping          |       |     9 |    13 ||    22
       Held in net/web   |       |       |     1 ||     1
Armor: Leather armour    |     3 |    26 |    20 ||    49
Dodge: Dodged            |    24 |   216 |   282 ||   522

Table legend: (Time is in decaauts)
 A = Elapsed time spent in this place.
 B = Non-inter-level travel time spent in this place.
 C = Inter-level travel time spent in this place.
 D = Time resting spent in this place.
 E = Time spent auto-exploring this place.
 F = Levels seen in this place.
 G = Mean time per level.
                   A        B        C        D        E       F      G
               +--------+--------+--------+--------+--------+-----+--------+
         Total |   5490 |   5330 |    160 |    163 |   3932 |   9 |  610.0 |
       Dungeon |   4153 |   4026 |    127 |      2 |   3054 |   6 |  692.2 |
        Temple |    244 |    212 |     32 |      0 |    195 |   1 |  244.0 |
         Sewer |    906 |    906 |      0 |    161 |    581 |   1 |  906.0 |
        Bailey |    186 |    186 |      0 |      0 |    102 |   1 |  186.0 |
               +--------+--------+--------+--------+--------+-----+--------+

Top non-repeatable levels by time:
     D:3: 995 daAuts
   Sewer: 906 daAuts
     D:2: 858 daAuts
     D:4: 804 daAuts
     D:1: 782 daAuts
     D:5: 573 daAuts
  Temple: 244 daAuts
  Bailey: 186 daAuts
     D:7: 139 daAuts
